 Dungeon Crawl Stone Soup version 0.29-a0-321-gf1c400731a (webtiles) character file.

Game seed: 8907140424166648332

102 Ijustatesigmund the Grave Robber (level 4, -3/24 HPs)
             Began as a Deep Elf Necromancer on Apr 4, 2022.
             Slain by an orc
             ... wielding a +0 club
              (4 damage)
             ... on level 3 of the Dungeon.
             The game lasted 00:04:20 (3132 turns).

Ijustatesigmund the Grave Robber (DENe)             Turns: 3132, Time: 00:04:22

Health: -3/24      AC:  2    Str:  5    XL:     4   Next: 50%
Magic:  5/12       EV: 12    Int: 22    God:
Gold:   113        SH:  0    Dex: 15    Spells: 7/11 levels left

rFire   . . .      SeeInvis .   k - +7 mace (drain)
rCold   . . .      Faith    .   (no shield)
rNeg    . . .      Spirit   .   a - +0 robe
rPois   .          Reflect  .   (no helmet)
rElec   .          Harm     .   (no cloak)
rCorr   .          Rampage  .   (no gloves)
Will    .....                   (no boots)
Stlth   ++........              (no amulet)
HPRegen 0.08/turn               (no ring)
MPRegen 0.13/turn               (no ring)

@: very slightly contaminated
A: no striking features
a: no special abilities


You were on level 3 of the Dungeon.
You visited 1 branch of the dungeon, and saw 3 of its levels.

You collected 113 gold pieces.

Inventory:

Hand Weapons
 k - a +7 mace of draining (weapon)
Missiles
 c - 4 poisoned darts
Armour
 a - a +0 robe (worn)
Magical Staves
 d - a staff of fire
Scrolls
 g - a scroll of immolation {unknown}
 j - a scroll of magic mapping {unknown}
Potions
 b - a potion of magic
 e - a potion of heal wounds
 f - a potion of lignification {unknown}
 h - a potion of curing {unknown}
 i - a potion of mutation {unknown}
 m - a potion of resistance {unknown}
 o - 2 potions of might {unknown}


   Skills:
 - Level 2.4 Dodging
 + Level 3.7 Stealth
 + Level 4.1 Spellcasting
 * Level 6.1 Necromancy


You had 7 spell levels left.
You knew the following spells:

 Your Spells              Type           Power      Damage    Failure   Level
a - Pain                  Necr           100%       1d9       1%          1
b - Vampiric Draining     Necr           31%        2d8       2%          3

Your spell library contained the following spells:

 Spells                   Type           Power      Damage    Failure   Level
 Animate Skeleton         Necr           62%        N/A       1%          1
 Animate Dead             Necr           15%        N/A       9%          4
 Agony                    Necr           31%        N/A       24%         5


Dungeon Overview and Level Annotations

Branches:
Dungeon (3/15)

Altars:


Message History

Confirm with . or Enter, or press ? or * to list all spells.
Aiming: Pain (safe; 1% risk of failure)
Press: ? - help, Shift-Dir - straight line, f/p - orc
Aim: an orc, wielding a +0 flail (heavily wounded, chance to affect: 93%)
The orc writhes in agony.
You kill the orc!
Casting: Pain (safe; 1% risk of failure)
Confirm with . or Enter, or press ? or * to list all spells.
Aiming: Pain (safe; 1% risk of failure)
Press: ? - help, Shift-Dir - straight line, f - orc
Aim: an orc, wielding a +0 club (chance to affect: 93%)
The orc barely resists.
The orc hits you but does no damage.
Casting: Pain (safe; 1% risk of failure)
Confirm with . or Enter, or press ? or * to list all spells.
Aiming: Pain (safe; 1% risk of failure)
Press: ? - help, Shift-Dir - straight line, f/p - orc
Aim: an orc, wielding a +0 club (chance to affect: 93%)
The orc writhes in agony.
The orc barely misses you.
Casting: Pain (safe; 1% risk of failure)
Confirm with . or Enter, or press ? or * to list all spells.
Aiming: Pain (safe; 1% risk of failure)
Press: ? - help, Shift-Dir - straight line, f/p - orc
Aim: an orc, wielding a +0 club (severely wounded, chance to affect: 93%)
The orc barely resists.
The orc hits you with a +0 club.
* * * LOW HITPOINT WARNING * * *
Casting: Pain (safe; 1% risk of failure)
Confirm with . or Enter, or press ? or * to list all spells.
Aiming: Pain (safe; 1% risk of failure)
Press: ? - help, Shift-Dir - straight line, f/p - orc
Aim: an orc, wielding a +0 club (severely wounded, chance to affect: 93%)
The orc writhes in agony.
The orc misses you.
Casting: Pain (safe; 1% risk of failure)
Confirm with . or Enter, or press ? or * to list all spells.
Aiming: Pain (safe; 1% risk of failure)
Press: ? - help, Shift-Dir - straight line, f/p - orc
Aim: an orc, wielding a +0 club (almost dead, chance to affect: 93%)
You miscast Pain.
You are very lightly contaminated with residual magic.
Nothing appears to happen.
The orc hits you with a +0 club.
You die...

............##.#
..####.#.#.##.#
#.#.#.##.## #.#.#.#...##
#.#.#...#..###
#)#....###...#
#.##.#..#..#.#
##.#.####.##.##...##.#
......o@..## #......#
##..####### #..##### #.
#..# #.##.....# #. #..#
#.##.###.# .## #..#
#.##.# # ..# #..# #.##.#
#.# #.# #..# #.##.# #.#
#.# #..########.##.# #.#
#.####.###...........##.#
#.#


You could see an orc.

Vanquished Creatures
  3 adders (D:2)
  A worm (D:3)
  3 dart slugs
  4 orcs (D:3)
  5 bats
  5 endoplasms
  2 giant cockroaches (D:1)
  10 goblins
  4 hobgoblins
  3 jackals (D:1)
  3 kobolds
  A quokka (D:1)
  6 ball pythons
  3 frilled lizards
  6 rats
59 creatures vanquished.

Vanquished Creatures (others)
  18 plants (D:1)
18 creatures vanquished.

Grand Total: 77 creatures vanquished

Notes
Turn   | Place    | Note
-------+----------+-------------------------------------------
     0 | D:1      | Ijustatesigmund the Deep Elf Necromancer began the quest
                  | for the Orb.
     0 | D:1      | Reached XP level 1. HP: 10/10 MP: 6/6
   152 | D:1      | Reached skill level 5 in Necromancy
   181 | D:1      | Reached XP level 2. HP: 5/15 MP: 1/8
   684 | D:1      | Found a faded altar of an unknown god.
   992 | D:1      | Reached XP level 3. HP: 16/19 MP: 7/10
  1136 | D:1      | Learned a level 3 spell: Vampiric Draining
  2100 | D:2      | Reached XP level 4. HP: 23/24 MP: 9/11
  2351 | D:2      | Reached skill level 6 in Necromancy
  3130 | D:3      | HP: 1/24 [orc/+0 club (2)]
  3132 | D:3      | Slain by an orc

Illustrated notes

Levels and vault maps discovered:
D:1:      matt_arrival_spirals, layout_basic, serial_bayou,
          serial_bayou_lagoon_b, serial_bayou_pond_d, serial_bayou_crossing,
          serial_bayou_lagoon_a, dreamdust_ecumenical_altar_hidden_monk_grotto
D:2:      layout_loops_corners
D:3:      layout_loops_ring

Skill      XL: |  1  2  3  4 |
---------------+-------------+-----
Necromancy     | 5 6 |  6.1
Stealth        | 3 |  3.7
Spellcasting   | 4 |  4.1
Dodging        | |  2.4

Action                   |  1- 3 |  4- 6 || total
-------------------------+-------+-------++-------
Melee: Staff             |     1 |       ||     1
       Mace              |       |     7 ||     7
 Cast: Pain              |    70 |    31 ||   101
  Use: Scroll            |       |     6 ||     6
Armor: Robe              |     4 |     3 ||     7
Dodge: Dodged            |     5 |     7 ||    12

Table legend: (Time is in decaauts)
 A = Elapsed time spent in this place.
 B = Non-inter-level travel time spent in this place.
 C = Inter-level travel time spent in this place.
 D = Time resting spent in this place.
 E = Time spent auto-exploring this place.
 F = Levels seen in this place.
 G = Mean time per level.
                   A        B        C        D        E       F      G
               +--------+--------+--------+--------+--------+-----+--------+
         Total |   3162 |   3090 |     72 |    409 |   2346 |   3 | 1054.0 |
       Dungeon |   3162 |   3090 |     72 |    409 |   2346 |   3 | 1054.0 |
               +--------+--------+--------+--------+--------+-----+--------+

Top non-repeatable levels by time:
     D:1: 1587 daAuts
     D:2: 1326 daAuts
     D:3: 248 daAuts
